AoeStats
← henrim667

Team Islands

503375980Analyzed
2v2 RM · 1mo ago on Aug 31, 2026· 52m 51s· 4 players
Game mode
Random Map
Map size
185×185
Population
200
Speed
Normal
Resources
Standard
Victory
Conquest
Starting age
Dark Age
Ending age
Imperial Age
RankedLock teamsTeams togetherTeam positionsShared explorationLock speedFull tech treeHidden civsTurbo modeCheats
Victory
Defeat
🇧🇪 Vikings · Belgium
881
+11
🇳🇱 Portuguese · Netherlands
837
+13
🇸🇰 Italians · Slovakia
773
-12
🇸🇰 Vikings · Slovakia
773
-12
Roxy
9:56 Feudal Age
10:25 Double-Bit Axe
10:31 Horse Collar
21:33 Castle Age
21:01 Fishing Lines
23:16 Bow Saw
23:10 Town Watch
24:01 Wheelbarrow
23:14 Loom
24:00 Heavy Plow
24:36 Gillnets
25:50 Town Patrol
27:06 Caravan
27:22 Gold Mining
27:23 Stone Mining
28:33 Hand Cart
35:19 Imperial Age
33:32 Stone Shaft Mining
35:51 Ballistics
35:42 Scale Mail Armor
35:53 Forging
38:05 Two-Man Saw
37:38 Crop Rotation
37:50 Iron Casting
37:30 Chain Mail Armor
38:18 Chemistry
37:25 Siege Engineers
39:51 Blast Furnace
39:33 Plate Mail Armor
39:12 Elite Organ Gun
40:16 Murder Holes
40:43 Bombard Tower
40:39 Fletching
40:50 Padded Archer Armor
45:28 Man-at-Arms
45:55 Gambesons
45:56 Arson
47:02 Long Swordsman
48:06 Two-Handed Swordsman
49:48 Arquebus
49:53 Circumnavigation
49:17 Champion
henrim667
10:37 Feudal Age
11:06 Double-Bit Axe
12:05 Horse Collar
18:10 Castle Age
16:59 Scale Mail Armor
17:11 Forging
17:29 Fishing Lines
19:01 Man-at-Arms
20:05 Long Swordsman
20:35 Gambesons
21:28 Iron Casting
22:26 Chain Mail Armor
26:03 Heavy Plow
26:17 Bow Saw
26:02 Gold Mining
27:53 Gold Shaft Mining
27:18 Stone Mining
28:53 Medium Warships
32:50 Imperial Age
34:29 Plate Mail Armor
35:00 Blast Furnace
33:25 Two-Handed Swordsman
36:26 Elite Berserk
36:34 Elite Berserk
Emko
4:52 Loom
11:29 Feudal Age
12:17 Double-Bit Axe
12:40 Horse Collar
18:20 Fishing Lines
21:08 Man-at-Arms
21:34 Arson
26:00 Castle Age
26:21 Scale Mail Armor
26:31 Forging
26:07 Long Swordsman
26:32 Gambesons
26:48 Squires
27:29 Bow Saw
27:21 Heavy Plow
28:03 Gold Mining
28:04 Stone Mining
29:25 Gambesons
29:42 Squires
31:11 Gold Shaft Mining
31:48 Iron Casting
31:28 Chain Mail Armor
31:06 Fletching
32:54 Chieftains
40:13 Imperial Age
41:12 Bodkin Arrow
42:20 Blast Furnace
TheWeirdStranger
0:34 Loom
11:30 Feudal Age
12:47 Double-Bit Axe
13:01 Horse Collar
13:26 Fishing Lines
14:50 Wheelbarrow
21:25 Castle Age
26:36 Gillnets
27:04 Medium Warships
27:16 Heavy Plow
30:38 Silk Road
30:18 Fletching
30:28 Padded Archer Armor
36:07 Imperial Age
34:35 Bodkin Arrow
34:55 Leather Archer Armor
37:57 Conscription
37:00 Elite Genoese Crossbowman
41:40 Chemistry
40:55 Thumb Ring
40:56 Bracer
41:26 Ring Archer Armor
41:33 Capped Ram
43:36 Squires
51:01 Bow Saw
Connection lost

Rejoining the realm…

Still unreachable

The connection could not be restored.

Session expired

The server has moved on; the page needs a fresh start.